 Dungeon Crawl Stone Soup version 0.14-a0-2618-g5301534 (webtiles) character file.

101 Lektor the Ruffian (level 3, -1/31 HPs)
             Began as a Naga Transmuter on Feb 14, 2014.
             Slain by an adder (4 damage)
             ... on Level 2 of the Dungeon.
             The game lasted 00:05:39 (1499 turns).

Lektor the Ruffian (Naga Transmuter)                Turns: 1499, Time: 00:05:39

HP  -1/31        AC  2     Str 12      XL: 3   Next: 56%
MP   6/6         EV 10     Int 19      God:
Gold 59          SH  0     Dex 11      Spells:  2 memorised,  3 levels left

rFire  + . .     SeeInvis +       - Unarmed
rCold  . . .     Clarity  .     c - +0 robe
rNeg   . . .     Conserve .     (no shield)
rPois  +         rCorr    .     (no helmet)
rElec  .         rRot     .     (no cloak)
SustAb . .       Spirit   .     (no gloves)
rMut   .         Warding  .     (no barding)
Saprov . . .     Stasis   .     (no amulet)
MR     .....                    (no ring)
                                k - ring of protection from fire {unknown}

@: short of breath, brilliant, very slow, not resistant to hostile enchantments,
unstealthy
A: spit poison, see invisible, deformed body, poison resistance, slowness 2, AC
+1
a: Spit Poison


You were on level 2 of the Dungeon.
You were hungry.

You visited 1 branch of the dungeon, and saw 2 of its levels.

You collected 59 gold pieces.

Inventory:

Hand weapons
 i - a +1,+2 anti-magic spear
Missiles
 b - 12 arrows
 l - 2 darts (quivered)
Armour
 c - a +0 robe (worn)
Comestibles
 a - 2 bread rations
 n - an apple
 q - a rotting chunk of bat flesh
Scrolls
 g - a scroll of curse jewellery {unknown}
 h - a scroll of enchant weapon I {unknown}
 m - 2 scrolls of blinking {unknown}
 o - a scroll of magic mapping {unknown}
 p - a scroll of teleportation {unknown}
Jewellery
 k - a ring of protection from fire (left hand) {unknown}
Potions
 j - a potion of brilliance
Books
 d - a book of Changes

   Spells                             Type                      Level
   *Beastly Appendage                 Transmutation                1
   *Sticks to Snakes                  Transmutation                2
   Spider Form                        Transmutation/Poison         3
   Ice Form                           Ice/Transmutation            4
   Blade Hands                        Transmutation                5


   Skills:
 - Level 1.0 Fighting
 - Level 1.5 Dodging
 + Level 4.0 Unarmed Combat
 - Level 2.0 Spellcasting
 + Level 2.6 Transmutations


You had 3 spell levels left.
You knew the following spells:

 Your Spells              Type           Power        Failure   Level  Hunger
a - Beastly Appendage     Trmt           ###...       1%          1    #......
b - Sticks to Snakes      Trmt           ###.......   1%          2    ##.....


Dungeon Overview and Level Annotations

Branches:
Dungeon (2/16)

Altars:


Innate Abilities, Weirdness & Mutations

You cannot wear boots.
You can spit poison.
Your serpentine skin is tough (AC +1).
You have supernaturally acute eyesight.
Armour fits poorly on your strangely shaped body.
Your system is resistant to poisons.
You cover ground very slowly.


Message History

The jackal bites you.
* * * LOW HITPOINT WARNING * * *
Use which ability? (? or * to list)
Press: ? - help, Shift-Dir - straight line, f - adder, p - jackal
Aim: an adder The splash of poison hits the adder.
The adder is poisoned.
The adder is severely wounded.
You are feeling hungry.
The jackal closely misses you. The adder barely misses you.
You miss the adder.
The adder is severely wounded.
The jackal bites you.
* * * LOW HITPOINT WARNING * * *
The adder bites you.
* * * LOW HITPOINT WARNING * * *
The jackal misses you.
Drink which item? (? for menu, Esc to quit)
You feel clever all of a sudden.
It was a potion of brilliance.
The adder bites you.
You die...

##########
##########........#
.........#........#
♣........#........#
#♣.......#........#
#♣..............@%#
#♣.......#......Sh#
♣........#........#
..................###.
♣..<................h..
#♣.###.####......####..
#♣. .............#
#♣.###...##......# ♣..
#...####..###


You could see an adder and a jackal.

Vanquished Creatures
  2 adders (D:2)
  3 bats
  4 goblins (D:1)
  A hobgoblin (D:1)
  2 jackals (D:2)
  A quokka (D:2)
  A ball python (D:2)
  2 giant newts (D:1)
  6 kobolds (D:1)
  7 rats
29 creatures vanquished.

Notes
Turn   | Place    | Note
--------------------------------------------------------------
     0 | D:1      | Lektor, the Naga Transmuter, began the quest for the Orb.
     0 | D:1      | Reached XP level 1. HP: 18/18 MP: 3/3
   232 | D:1      | Reached XP level 2. HP: 25/25 MP: 4/4
   247 | D:1      | Learned a level 2 spell: Sticks to Snakes
  1000 | D:2      | Reached XP level 3. HP: 4/31 MP: 6/6
  1455 | D:2      | Reached skill level 4 in Unarmed Combat
  1499 | D:2      | Slain by an adder

Action                   || total
-------------------------++-------
Melee: Unarmed           ||   127
       Spear             ||     1
 Cast: Beastly Appendage ||     6
 Abil: Spit Poison       ||     7
  Use: Potion            ||     5
